 Dungeon Crawl Stone Soup version 0.30-a0-802-gb92711bcdf (webtiles) character file.

Game seed: 1309492927114555724

88 Ghostmaker01 the Trooper (level 4, -6/35 HPs)
             Began as a Demonspawn Cinder Acolyte on Feb 23, 2023.
             Was a High Priest of Ignis.
             Mangled by Terence
             ... wielding a +0 hand axe
              (7 damage)
             ... on level 3 of the Dungeon.
             The game lasted 00:06:47 (2235 turns).

Ghostmaker01 the Trooper (DsCA)                     Turns: 2235, Time: 00:06:47

Health: -6/35      AC:  6    Str: 17    XL:     4   Next: 29%
Magic:  5/5        EV: 11    Int: 15    God:    Ignis [*****.]
Gold:   145        SH:  0    Dex:  8    Spells: 5/5 levels left

rFire   + . .      SeeInvis .    f - +5 short sword
rCold   + . .      Faith    .    (no shield)
rNeg    . . .      Spirit   .    p - +0 leather armour {rC+}
rPois   .          Reflect  .    (no helmet)
rElec   .          Harm     .    (no cloak)
rCorr   .          Rampage  .    (no gloves)
Will    .....                    e - +0 pair of boots
Stlth   +                        (no amulet)
HPRegen 0.25/turn                (no ring)
MPRegen 0.09/turn                (no ring)

@: mighty
A: claws 1, icy blue scales 1
a: Renounce Religion, Fiery Armour, Foxfire Swarm, Rising Flame


You were on level 3 of the Dungeon.
You worshipped Ignis.
Ignis was extremely pleased with you.
You visited 1 branch of the dungeon, and saw 3 of its levels.

You collected 145 gold pieces.

Inventory:

Hand Weapons
 a - a -1 hand axe of flaming
 f - a +5 short sword (weapon)
Missiles
 k - 5 javelins (quivered)
 u - 6 poisoned darts
Armour
 b - a +0 robe
 e - a +0 pair of boots (worn)
 h - a +0 leather armour
 p - a +0 leather armour of cold resistance (worn)
Wands
 o - a wand of polymorph (12)
 s - a wand of digging (5)
Scrolls
 g - a scroll of blinking
 i - a scroll of vulnerability {unknown}
 j - a scroll of amnesia {unknown}
 m - a scroll of identify {unknown}
 r - a scroll of teleportation {unknown}
Potions
 c - a potion of might
 d - a potion of haste {unknown}
 l - a potion of ambrosia {unknown}
 q - a potion of attraction {unknown}
 t - a potion of lignification {unknown}


   Skills:
 * Level 3.4 Fighting
 * Level 1.4 Short Blades
 - Level 3.1 Axes
 + Level 1.6 Dodging
 * Level 0.1 Stealth
 * Level 1.0 Spellcasting
 * Level 3.0 Fire Magic


You had 5 spell levels left.
You didn't know any spells.
Your spell library contained the following spells:

 Spells                   Type           Power      Damage    Failure   Level
 Scorch                   Fire           20%        2d6       13%         2


Dungeon Overview and Level Annotations

Branches:
Dungeon (3/15)

Altars:
Nemelex Xobeh

Shops:
D:2 *

Annotations:
D:3 Robin, Terence


Innate Abilities, Weirdness & Mutations

You have sharp fingernails.
You are partially covered in icy blue scales. (AC +2)


Message History

The hobgoblin barely misses you. Robin throws the goblin at you!
You hit the goblin.
You kill the goblin!
The hobgoblin barely misses you.
You barely miss the hobgoblin.
The hobgoblin hits you but does no damage.
Robin throws the goblin at you!
You hit the hobgoblin but do no damage. The goblin hits you but does no damage.
The hobgoblin hits you but does no damage.
Robin roars a battlecry!
The hobgoblin goes into a battle-frenzy!
You closely miss the hobgoblin. The goblin completely misses you.
The hobgoblin hits you.
* * * LOW HITPOINT WARNING * * *
You hit the hobgoblin.
The hobgoblin is almost dead.
You hit the hobgoblin.
You kill the hobgoblin!
The hobgoblin no longer looks unusually strong.
The goblin barely misses you.
Robin roars a battlecry!
The hobgoblin goes into a battle-frenzy!
You hit Terence but do no damage.
Terence is lightly wounded.
Terence misses you. The goblin hits you with a +0 dagger.
* * * LOW HITPOINT WARNING * * *
As you read the scroll labelled HUANUJA WARCHAT, it crumbles to dust.
It is a scroll of enchant weapon.
Your +4 short sword glows red for a moment.
Terence barely misses you. The goblin hits you with a +0 dagger.
* * * LOW HITPOINT WARNING * * *
Robin says, "My goblins will feast on your bones."
It was a potion of might.
You feel very mighty all of a sudden. Terence barely misses you.
The goblin hits you with a +0 dagger.
* * * LOW HITPOINT WARNING * * *
You hit Terence.
Terence is lightly wounded.
Terence hits you with a +0 hand axe!
You die...

#.# #...# #.# ##... . #.# #)..#
#.# ##⌠.⌠.
#.#######.#####...###.######.._..
......................>......⌠.⌠.
#........†###........#.######..#.
#.........# #.#...##.#.##......#.
#.........###.#...##.#)##.#..#.#.
#.######......#g).##.#.##.#....#.
+......##@###.#.##.#.####.
#.....###@###.............
#.....'.ggK...#.##.#.#####
#.....###.###.#.#...... #.....#
#.).#.#.#..#...# # ###.....#
#.#)#.#.#...##.# # #.......#
#...g<#.##.. .# #
#.......#...#.#g#.##..# .#
######.......#.#.#.#.#.##..#


You could see Terence, Robin, a hobgoblin (strong), a goblin (strong) and a
kobold.

Vanquished Creatures
  A gnoll (D:1)
  2 adders (D:2)
  A worm (D:3)
  A dart slug (D:2)
  4 ball pythons
  A bat (D:1)
  4 endoplasms
  4 giant cockroaches
  7 hobgoblins
  2 quokkas (D:1)
  2 frilled lizards
  9 goblins
  5 kobolds
  7 rats
50 creatures vanquished.

Notes
Turn   | Place    | Note
-------+----------+-------------------------------------------
     0 | D:1      | Ghostmaker01 the Demonspawn Cinder Acolyte began the quest
                  | for the Orb.
     0 | D:1      | Reached XP level 1. HP: 18/18 MP: 2/2
   232 | D:1      | Gained mutation: You are partially covered in icy blue
                  | scales. (AC +2) [demonic ancestry]
   232 | D:1      | Reached XP level 2. HP: 21/24 MP: 3/3
   318 | D:1      | Reached skill level 1 in Dodging
   513 | D:1      | Gained mutation: You have sharp fingernails. [demonic
                  | ancestry]
   513 | D:1      | Reached XP level 3. HP: 28/29 MP: 4/4
  1174 | D:2      | Found a faded altar of an unknown god.
  1484 | D:2      | Reached skill level 1 in Short Blades
  1567 | D:2      | Found Xyfusmul's General Store.
  1979 | D:3      | Reached XP level 4. HP: 35/35 MP: 5/5
  2151 | D:3      | Found a sparkling altar of Nemelex Xobeh.
  2195 | D:3      | Noticed Terence
  2196 | D:3      | Noticed Robin
  2233 | D:3      | HP: 1/35 [goblin/+0 dagger[Robin] (5)]
  2235 | D:3      | Mangled by Terence

Illustrated notes

Levels and vault maps discovered:
D:1:      giann_forest_graveyard, layout_loops_corners, st_stairs_4
D:2:      layout_basic, serial_shops, shop, nicolae_ecumenical_pavilion,
          hangedman_decor_lopped, st_stairs_7
D:3:      layout_basic, nemelex_xobeh_ov_fountains_minmay, uniq_terence,
          uniq_robin

Skill      XL: |  1  2  3 |
---------------+----------+-----
Axes           | 3 |  3.1
Fire Magic     | 3 |  3.0
Dodging        | 1 |  1.6
Short Blades   | 1 |  1.4
Fighting       | |  3.4
Stealth        | |  0.1
Spellcasting   | |  1.0

Action                     |  1- 3 |  4- 6 || total
---------------------------+-------+-------++-------
  Melee: Short sword       |    88 |    46 ||   134
         Hand axe          |     6 |       ||     6
  Evoke: Wand              |       |     1 ||     1
    Use: Scroll            |     1 |     1 ||     2
         Potion            |       |     1 ||     1
 Armour: Robe              |    21 |       ||    21
         Leather armour    |    22 |    23 ||    45
  Dodge: Dodged            |    66 |    35 ||   101

Table legend: (Time is in decaauts)
 A = Elapsed time spent in this place.
 B = Non-inter-level travel time spent in this place.
 C = Inter-level travel time spent in this place.
 D = Time resting spent in this place.
 E = Time spent auto-exploring this place.
 F = Levels seen in this place.
 G = Mean time per level.
                   A        B        C        D        E       F      G
               +--------+--------+--------+--------+--------+-----+--------+
         Total |   2231 |   1902 |    329 |      0 |   1475 |   3 |  743.7 |
       Dungeon |   2231 |   1902 |    329 |      0 |   1475 |   3 |  743.7 |
               +--------+--------+--------+--------+--------+-----+--------+

Top non-repeatable levels by time:
     D:1: 1174 daAuts
     D:2: 798 daAuts
     D:3: 258 daAuts
